 Dungeon Crawl Stone Soup version 0.29.0 (webtiles) character file.

Game seed: 6766963953549913402

448 bonscott the Magician (level 6, -2/32 HPs)
             Began as a Deep Elf Necromancer on Sept 9, 2022.
             Shot with an arrow by a centaur (10 damage)
             ... on level 5 of the Dungeon.
             The game lasted 00:20:47 (5235 turns).

bonscott the Magician (Deep Elf Necromancer)        Turns: 5235, Time: 00:20:47

Health: -2/32      AC:  6    Str:  5    XL:     6   Next: 73%
Magic:  26/26      EV: 12    Int: 22    God:
Gold:   297        SH:  0    Dex: 15    Spells: 12/18 levels left

rFire   . . .      SeeInvis .   a - +0 sling
rCold   . . .      Faith    .   (no shield)
rNeg    . . .      Spirit   .   g - +0 robe
rPois   .          Reflect  .   w - +0 helmet
rElec   .          Harm     .   q - +1 cloak
rCorr   .          Rampage  .   (no gloves)
Will    +....                   r - +0 pair of boots
Stlth   ++........              (no amulet)
HPRegen 0.10/turn               G - ring of magical power
MPRegen 0.20/turn               E - ring of willpower

@: no status effects
A: no striking features
a: no special abilities


You were on level 5 of the Dungeon.
You visited 1 branch of the dungeon, and saw 5 of its levels.

You collected 297 gold pieces.

Inventory:

Hand Weapons
 a - a +0 sling (weapon)
 c - a +2 hand axe of freezing
 s - a +0 flail of protection
 v - a +2 dagger of holy wrath
 C - a +0 broad axe
Missiles
 e - 12 poisoned darts
 z - 8 boomerangs
Armour
 d - a +0 leather armour
 g - a +0 robe (worn)
 q - a +1 cloak (worn)
 r - a +0 pair of boots (worn)
 w - a +0 helmet (worn)
 x - a +0 ring mail
 A - a +4 chain mail
Jewellery
 j - a ring of flight
 E - a ring of willpower (right hand)
 G - a ring of magical power (left hand)
Wands
 H - a wand of digging (7)
 I - a wand of acid (7)
Scrolls
 f - a scroll of enchant armour
 n - 2 scrolls of teleportation
 o - a scroll of butterflies {unknown}
 y - a scroll of poison {unknown}
 B - a scroll of immolation {unknown}
 D - a scroll of blinking {unknown}
 J - a scroll of fear {unknown}
Potions
 b - a potion of magic
 h - 2 potions of lignification
 i - 2 potions of resistance {unknown}
 k - 4 potions of haste
 l - 4 potions of flight
 m - 2 potions of ambrosia
 p - 3 potions of curing
 t - a potion of heal wounds
 u - 2 potions of mutation {unknown}
 F - a potion of berserk rage {unknown}


   Skills:
 - Level 3.0 Ranged Weapons
 + Level 1.7 Armour
 - Level 2.4 Dodging
 - Level 2.4 Stealth
 + Level 6.9 Spellcasting
 + Level 6.7 Necromancy


You had 12 spell levels left.
You knew the following spells:

 Your Spells              Type           Power      Damage    Failure   Level
i - Necrotise             Necr           100%       1d9       1%          1
m - Vampiric Draining     Necr           37%        2d8       1%          3
q - Blink                 Tloc           14%        N/A       13%         2

Your spell library contained the following spells:

 Spells                   Type           Power      Damage    Failure   Level
 Animate Dead             Necr           37%        N/A       5%          4
 Magic Dart               Conj           28%        1d4       9%          1
 Summon Small Mammal      Summ           28%        N/A       9%          1
 Call Imp                 Summ           7%         N/A       13%         2
 Searing Ray              Conj           14%        2d5       13%         2
 Agony                    Necr           37%        N/A       14%         5
 Call Canine Familiar     Summ           7%         N/A       26%         3
 Mephitic Cloud           Conj/Pois/Air  7%         N/A       26%         3
 Summon Guardian Golem    Hex/Summ       7%         N/A       26%         3
 Fulminant Prism          Conj/Hex       3%         3d6       63%         4
 Manifold Assault         Tloc           7%         N/A       93%         5
 Storm Form               Tmut/Air       3%         N/A       100%        7
 Borgnjor's Revivificati  Necr           18%        N/A       100%        8
 Necromutation            Tmut/Necr      11%        N/A       100%        8
 Death's Door             Necr           18%        N/A       100%        9


Dungeon Overview and Level Annotations

Branches:
Dungeon (5/15)
 Temple: D:4-7

Altars:
Nemelex Xobeh
Vehumet
Wu Jian


Message History

You are too injured to fight recklessly!
You are too injured to fight recklessly!
You are too injured to fight recklessly!
Your +2 dagger of holy wrath softly glows with a divine radiance!
v - a +2 dagger of holy wrath (weapon)
The ufetubus misses you. The ufetubus barely misses you.
You completely miss the ufetubus.
The ufetubus is lightly wounded.
The ufetubus hits you. x2
* * * LOW HITPOINT WARNING * * *
You hit the ufetubus.
The ufetubus convulses.
The ufetubus is severely wounded.
The ufetubus hits you.
* * * LOW HITPOINT WARNING * * *
The ufetubus hits you.
* * * LOW HITPOINT WARNING * * *
The ufetubus closely misses you. x2
That's the wrong kind of item! (Use * to select it.) Fire/throw/use which item? ([*] to toss any item) (? for menu, Esc to quit)
Okay, then.
You feel much better. The ufetubus hits you. The ufetubus closely misses you.
You hit the ufetubus.
You kill the ufetubus!
You start resting.
HP restored.
Key pressed, stopping explore.
Your +2 dagger of holy wrath stops glowing.
a - a +0 sling (weapon)
Found a leather armour.
A centaur comes into view.
You shoot a sling bullet. The sling bullet hits the centaur.
The centaur is lightly wounded.
The centaur wields a +0 shortbow.
The centaur shoots an arrow.
The arrow hits you.
The centaur shoots an arrow.
The arrow hits you.
The centaur shoots an arrow.
The arrow hits you.
The centaur shoots an arrow.
The arrow hits you!
The centaur shoots an arrow.
The arrow hits you.
* * * LOW HITPOINT WARNING * * *
The centaur shoots an arrow.
The arrow hits you!
You die...

##..........#
######..#.[....##.
##.....###......###
###[....##
#.......##
###.......#
#.......##
##.........##
##.......#
............#
#.......#
#..........##
#....>..#
#.....@.....#
#.......#
#............#
##.....##
##...........#
#######
#............#
##c..........#
####......###
########


You could see a centaur.

Vanquished Creatures
  An ogre (D:4)
  3 orc priests (D:3)
  Jessica (D:2)
  An iguana (D:5)
  2 orc wizards (D:3)
  Robin (D:2)
  3 adders
  A white imp (D:5)
  2 ufetubi
  4 worms
  4 dart slugs
  10 orcs
  3 ball pythons
  6 bats
  5 endoplasms
  12 goblins
  11 hobgoblins
  7 jackals
  A quokka (D:3)
  3 frilled lizards
  5 kobolds
  3 rats
89 creatures vanquished.

Vanquished Creatures (collateral kills)
  2 orcs
  An endoplasm (D:1)
  A goblin (D:2)
  A hobgoblin (D:2)
  A jackal (D:5)
6 creatures vanquished.

Grand Total: 95 creatures vanquished

Notes
Turn   | Place    | Note
-------+----------+-------------------------------------------
     0 | D:1      | bonscott the Deep Elf Necromancer began the quest for the
                  | Orb.
     0 | D:1      | Reached XP level 1. HP: 10/10 MP: 6/6
    34 | D:1      | Reached skill level 5 in Necromancy
   156 | D:1      | Reached XP level 2. HP: 15/15 MP: 4/8
  1106 | D:2      | Noticed Robin
  1115 | D:1      | Reached XP level 3. HP: 17/19 MP: 6/10
  1178 | D:2      | Noticed Jessica
  1188 | D:2      | Killed Jessica
  2071 | D:2      | Reached XP level 4. HP: 24/24 MP: 10/12
  2083 | D:2      | Killed Robin
  2084 | D:2      | Reached skill level 5 in Spellcasting
  2667 | D:3      | Learned a level 3 spell: Vampiric Draining
  2912 | D:3      | Reached XP level 5. HP: 28/28 MP: 8/15
  3087 | D:3      | Reached skill level 1 in Ranged Weapons
  3485 | D:3      | Reached skill level 1 in Armour
  3929 | D:3      | Reached XP level 6. HP: 32/32 MP: 9/17
  4200 | D:3      | Found a faded altar of an unknown god.
  4482 | D:4      | Found an ornate altar of the Wu Jian Council.
  4512 | D:4      | Learned a level 2 spell: Blink
  4585 | D:4      | Found a sparkling altar of Nemelex Xobeh.
  4696 | D:5      | Entered Level 5 of the Dungeon
  4867 | D:5      | Found a radiant altar of Vehumet.
  5235 | D:5      | Shot with an arrow by a centaur

Illustrated notes

Levels and vault maps discovered:
D:1:      lemuel_arrival_cross, layout_loops_corners, serial_glass,
          glass_columns_b, glass_columns_b, glass_columns_a, glass_columns_b,
          glass_columns_a, serial_bayou_pond_e, chequers_jeans
D:2:      layout_basic, minmay_statues_item, minmay_tetromino_o2, uniq_jessica,
          uniq_robin
D:3:      layout_basic, shapermc_ecumenical_altar_hornbeckon
D:4:      layout_cave_pools, nemelex_dance_club_becter,
          mainiacjoe_overflow_concentric_impassable
D:5:      layout_cave_pods, mainiacjoe_overflow_tiny_flanked,
          cheibrodos_gnoll_hut

Skill      XL: |  1  2  3  4  5  6 |
---------------+-------------------+-----
Necromancy     | 5 6 |  6.7
Spellcasting   | 4 5 6 |  6.9
Ranged Weapons | 2 3 |  3.0
Armour         | 1 |  1.7
Dodging        | |  2.4
Stealth        | |  2.4

Action                   |  1- 3 |  4- 6 || total
-------------------------+-------+-------++-------
Melee: Dagger            |       |     9 ||     9
 Fire: Sling             |    17 |    98 ||   115
 Cast: Necrotise         |    43 |    82 ||   125
       Vampiric Draining |       |    10 ||    10
  Use: Scroll            |     2 |     6 ||     8
       Potion            |       |     1 ||     1
Armor: Robe              |     5 |    28 ||    33
Dodge: Dodged            |    21 |    69 ||    90
